 Dungeon Crawl Stone Soup version 0.29-a0-1052-g6990b1bffc (webtiles) character file.

Game seed: 2831576341142190486

11 ytrimaz the Insei (level 2, 11/21 HPs)
             Began as a Demonspawn Transmuter on Aug 17, 2022.
             Was an Initiate of Ru.
             Quit the game on level 1 of the Dungeon.
             The game lasted 00:00:49 (540 turns).

ytrimaz the Insei (Demonspawn Transmuter)            Turns: 540, Time: 00:00:50

Health: 11/21      AC:  2    Str: 10    XL:     2   Next: 17%
Magic:  5/5        EV: 12    Int: 14    God:    Ru [......]
Gold:   41         SH:  0    Dex: 13    Spells: 4/5 levels left

rFire   . . .      SeeInvis .     - Unarmed
rCold   . . .      Faith    .   (no shield)
rNeg    . . .      Spirit   .   a - +0 robe
rPois   .          Reflect  .   (no helmet)
rElec   .          Harm     .   (no cloak)
rCorr   .          Rampage  .   (no gloves)
Will    .....                   (no boots)
Stlth   +.........              (no amulet)
HPRegen 0.07/turn               (no ring)
MPRegen 0.09/turn               (no ring)

@: no status effects
A: demonic magic 1
a: Renounce Religion, Sacrifice Nimbleness, Sacrifice Love, Sacrifice
Experience, Reject Sacrifices


You were on level 1 of the Dungeon.
You worshipped Ru.
Ru was noncommittal.
You visited 1 branch of the dungeon, and saw 1 of its levels.

You collected 41 gold pieces.

Inventory:

Armour
 a - a +0 robe (worn)
Scrolls
 c - a scroll of identify
Potions
 b - a potion of lignification
 d - a potion of resistance
 e - a potion of degeneration {unknown}


   Skills:
 + Level 1.0 Fighting
 + Level 1.8 Dodging
 + Level 3.1 Unarmed Combat
 + Level 2.1 Spellcasting
 + Level 1.9 Transmutations


You had 4 spell levels left.
You knew the following spells:

 Your Spells              Type           Power      Damage    Failure   Level
a - Beastly Appendage     Tmut           12%        N/A       11%         1

Your spell library contained the following spells:

 Spells                   Type           Power      Damage    Failure   Level
 Wereblood                Tmut           6%         N/A       16%         2
 Spider Form              Tmut/Pois      4%         N/A       43%         3
 Ice Form                 Ice/Tmut       4%         N/A       83%         4


Dungeon Overview and Level Annotations

Branches:
Dungeon (1/15)

Altars:
Ru


Innate Abilities, Weirdness & Mutations

Spells you cast may paralyse adjacent enemies.


Message History

The endoplasm closely misses you. The goblin closely misses you.
You completely miss the endoplasm. You headbutt the endoplasm.
You kill the endoplasm!
The goblin hits you but does no damage.
Your Unarmed Combat skill increases to level 3!
You have reached level 2!
Your demonic ancestry asserts itself...
A menacing aura infuses your magic.
You barely miss the goblin. You claw the goblin.
You kill the goblin!
You see here a +0 dagger.
You are too injured to fight recklessly!
You are too injured to fight recklessly!
Your horns disappear.
Your talons disappear.
Found a leather armour.
You see here a +0 spear.
A bat comes into view.
There is a faded altar of an unknown god here.
You cannot tell which god this altar belongs to.
Convert to them anyway?
Ru accepts your prayer! Ru welcomes you! The bat closely misses you.
Are you sure you want to abandon this character and quit the game? (Confirm with "yes".)
Okay, then.
The bat barely misses you. The bat completely misses you.
You are too injured to fight recklessly!
You are too injured to fight recklessly!
Found a fuming orange potion.
The bat barely misses you.
You are too injured to fight recklessly!
You are too injured to fight recklessly!
The bat hits you but does no damage.
You closely miss the bat. The bat barely misses you.
The bat hits you but does no damage.
You hit the bat.
You kill the bat!
You see here a bat corpse.
Ru believes you are ready to make a new sacrifice.
Okay, then.
Are you sure you want to abandon this character and quit the game? (Confirm with "yes".)

#.### # #!#.. #.
#.#.# .#.##.#.#
........####
...........
.#.......#
...#.#.@.## .#
#...#.†..###.###
#..............
##.......#......
......#._.#[....)
.###..#...#......#..
#...............
#...............
#!.....#..#...# ####


There were no monsters in sight!

Vanquished Creatures
  A ball python (D:1)
  2 endoplasms (D:1)
  2 goblins (D:1)
  3 bats (D:1)
  A frilled lizard (D:1)
  A rat (D:1)
10 creatures vanquished.

Notes
Turn   | Place    | Note
-------+----------+-------------------------------------------
     0 | D:1      | ytrimaz the Demonspawn Transmuter began the quest for the
                  | Orb.
     0 | D:1      | Reached XP level 1. HP: 15/15 MP: 3/3
   502 | D:1      | Found a faded altar of an unknown god.
   516 | D:1      | Reached skill level 3 in Unarmed Combat
   516 | D:1      | Gained mutation: Spells you cast may paralyse adjacent
                  | enemies. [demonic ancestry]
   516 | D:1      | Reached XP level 2. HP: 9/21 MP: 5/5
   529 | D:1      | Prayed at the altar of an unknown god.
   529 | D:1      | Became a worshipper of Ru the Awakened
   540 | D:1      | Quit the game

Illustrated notes

Levels and vault maps discovered:
D:1:      dpeg_arrival_lava_altar, layout_basic, serial_shops,
          nicolae_shop_waterfront, hellmonk_ecumenical_altar_lost_god,
          minmay_misc_feat_four_crosses

Skill      XL: |  1 |
---------------+----+-----
Unarmed Combat | 3 |  3.1
Fighting       | |  1.0
Dodging        | |  1.8
Spellcasting   | |  2.1
Transmutations | |  1.9

Action                   || total
-------------------------++-------
Melee: Unarmed           ||    16
       Headbutt          ||     4
       Kick              ||     4
       Punch             ||     1
 Cast: Beastly Appendage ||     7
  Use: Scroll            ||     1
 Stab: Sleeping          ||     1
Armor: Robe              ||     6
Dodge: Dodged            ||    13

Table legend: (Time is in decaauts)
 A = Elapsed time spent in this place.
 B = Non-inter-level travel time spent in this place.
 C = Inter-level travel time spent in this place.
 D = Time resting spent in this place.
 E = Time spent auto-exploring this place.
 F = Levels seen in this place.
 G = Mean time per level.
                   A        B        C        D        E       F      G
               +--------+--------+--------+--------+--------+-----+--------+
         Total |    539 |    539 |      0 |      0 |    460 |   1 |  539.0 |
       Dungeon |    539 |    539 |      0 |      0 |    460 |   1 |  539.0 |
               +--------+--------+--------+--------+--------+-----+--------+

Top non-repeatable levels by time:
     D:1: 539 daAuts
